 Dungeon Crawl Stone Soup version 0.21.0-22-g11d5b52 (console) character file.

71908 nht the Sharpshooter (level 15, -14/112 HPs)
             Began as a Barachi Hunter on Jan 18, 2018.
             Was a High Priest of Okawaru.
             Demolished by a cyan very ugly thing (24 damage)
             ... on level 12 of the Dungeon.
             The game lasted 00:58:26 (21764 turns).

nht the Sharpshooter (Barachi Hunter)              Turns: 21764, Time: 00:58:27

Health: -14/112    AC: 23    Str: 18    XL:     15   Next: 38%
Magic:  21/21      EV: 12    Int:  8    God:    Okawaru [*****.]
Gold:   759        SH:  0    Dex: 17    Spells: 14/14 levels left

rFire    + + +     SeeInvis .   a - +4 arbalest
rCold    + + +     Gourm    .   (shield currently unavailable)
rNeg     . . .     Faith    .   n - +2 chain mail {rF+}
rPois    .         Spirit   .   F - +0 helmet
rElec    .         Reflect  .   H - scarf {repulsion}
rCorr    .         Harm     .   Z - +2 pair of gloves
MR       +++..                  L - +2 pair of boots
Stlth    ..........             D - amulet of Pirchao {rF++ rC+++ Regen+ Int-4 Dex-2}
HPRegen  0.68/turn              W - ring "Royrefot" {rF+ MR+ Dex+5}
MPRegen  0.17/turn              k - +3 ring of evasion

@: studying 2 skills, repel missiles, slow
A: +LOS, swims, yellow scales 1, frail 1, magic resistance 1, slowness 1, strong
legs 2
a: Hop, Heroism, Finesse, Renounce Religion


You were on level 12 of the Dungeon.
You worshipped Okawaru.
Okawaru was extremely pleased with you.
You were not hungry.

You visited 4 branches of the dungeon, and saw 21 of its levels.
You also visited: Labyrinth and Bailey.

You collected 2549 gold pieces.
You spent 1790 gold pieces at shops.

Inventory:

Hand Weapons
 a - a +4 arbalest (weapon)
 b - a +2 whip of electrocution
Missiles
 d - 465 bolts (quivered)
Armour
 n - a +2 chain mail of fire resistance (worn)
 F - a +0 helmet (worn)
 H - a scarf of repulsion (worn)
 L - a +2 pair of boots (worn)
 P - a +2 cloak of invisibility
 Z - a +2 pair of gloves (worn)
Jewellery
 c - an uncursed ring of see invisible
 k - a +3 ring of evasion (right hand)
 y - an uncursed ring of protection from cold
 D - the amulet of Pirchao (around neck) {rF++ rC+++ Regen+ Int-4 Dex-2}
   (You acquired it on level 4 of the Lair of Beasts)

   [amulet of regeneration]

   It affects your intelligence (-4).
   It affects your dexterity (-2).
   It greatly protects you from fire.
   It renders you almost immune to cold.
   It increases your rate of regeneration.
 N - an uncursed ring of flight
 W - the ring "Royrefot" (left hand) {rF+ MR+ Dex+5}
   (You acquired it in a bailey)

   [ring of protection from magic]

   It affects your dexterity (+5).
   It protects you from fire.
   It affects your resistance to hostile enchantments.
Wands
 p - a wand of digging (7)
 q - a wand of disintegration (10)
 B - a wand of paralysis (29)
 O - a wand of polymorph (22)
Scrolls
 j - 5 scrolls of remove curse
 m - 3 scrolls of identify
 o - 12 scrolls of teleportation
 r - 3 scrolls of enchant armour
 v - 2 scrolls of fog
 G - a scroll of silence {unknown}
 K - 3 scrolls of amnesia
 M - a scroll of vulnerability
 R - 2 scrolls of blinking
 S - 2 scrolls of enchant weapon
 X - a scroll of immolation
Potions
 e - 5 potions of heal wounds
 g - 17 potions of curing
 h - 4 potions of agility
 l - 4 potions of haste
 s - 4 potions of magic
 t - 4 potions of cancellation
 u - 2 potions of ambrosia
 w - 2 potions of brilliance
 x - 3 potions of invisibility
 z - a potion of flight
 C - 3 potions of resistance
 E - 3 potions of might
 I - 2 potions of lignification
 J - a potion of mutation
Books
 Q - a Grand Grimoire

   Spells                             Type                      Level
   a - Monstrous Menagerie            Summoning                    7
   b - Summon Greater Demon           Summoning                    7
   c - Malign Gateway                 Summoning/Translocation      7
   d - Summon Horrible Things         Summoning                    8
 T - a manual of Shields
 Y - a manual of Fighting
Miscellaneous
 A - a fan of gales
 V - a phial of floods
Comestibles
 f - 30 rations
 i - 2 chunks of flesh


   Skills:
 + Level 13.7 Fighting
 - Level 12.0 Maces & Flails
 + Level 16.4 Crossbows
 - Level 10.0 Armour
 - Level 2.1 Dodging
 - Level 0.8 Stealth
 - Level 9.0 Invocations
 - Level 9.0 Evocations


You had 14 spell levels left.
You didn't know any spells.

Dungeon Overview and Level Annotations

Branches:
Dungeon (12/15)            Temple (1/1) D:4            Lair (6/6) D:8
 Shoals (0/4) Lair:4        Snake (0/4) Lair:3        Slime (0/5) Lair:6
    Orc (2/2) D:9             Elf (0/3) Orc:2

Altars:
Ashenzari
Cheibriados
Dithmenos
Elyvilon
Fedhas
Gozag
Hepliaklqana
Kikubaaqudgha
Makhleb
Nemelex Xobeh
Okawaru
Qazlal
Ru
Sif Muna
Trog
Uskayaw
Vehumet
Wu Jian
Xom
Yredelemnul
Zin
The Shining One
Beogh

Shops:
D:5 ?   D:7 %!!(   D:8 !   D:10 }   Orc:1 %   Orc:2 *![(

Annotations:
D:10 dig


Innate Abilities, Weirdness & Mutations

Shadows flee at your approach. (+LOS)
You can swim through water.
You cover ground slowly.
You can hop long distances.
You are partially covered in yellow scales. (AC +2)
You are frail. (-10% HP)
You are resistant to hostile enchantments. (MR+)


Message History

Aim: a cyan very ugly thing (heavily wounded)
You shoot a bolt.
The bolt closely misses the cyan very ugly thing.
The cyan very ugly thing engulfs you but does no damage.
Firing (i - inventory):
d - 467 bolts (quivered)
Press: ? - help, Shift-Dir - straight line, f/p - cyan very ugly thing
Aim: a cyan very ugly thing (heavily wounded)
You shoot a bolt.
The bolt barely misses the cyan very ugly thing.
The cyan very ugly thing engulfs you! The cyan very ugly thing shocks you!!
* * * LOW HITPOINT WARNING * * *
Firing (i - inventory):
d - 466 bolts (quivered)
Press: ? - help, Shift-Dir - straight line, f/p - cyan very ugly thing
Aim: a cyan very ugly thing (heavily wounded)
You shoot a bolt. The bolt hits the cyan very ugly thing!
The cyan very ugly thing is severely wounded.
The cyan very ugly thing engulfs you!
* * * LOW HITPOINT WARNING * * *
The cyan very ugly thing shocks you!!
You die...

.. ..... ███.
...... █... (.....
█...███......
+......(.....
█......(.....
+....((..>... (.
█....u....... .
█.█@........ █.
█.█.........
████.█+█.█.........
...................
...................
...................
...................
....█+█†█.........
..


█)██████████ . █.█ █.█ You could see a cyan very ugly thing.

Vanquished Creatures
  Saint Roka (Orc:2)
  The ghost of MirrMurr the Severer, a journeyman DDFi of Makhleb (Lair:5)
  A minotaur (Lab)
  3 catoblepae (Lair:6)
  5 hydras
  8 two-headed ogres
  A tengu warrior (D:10)
  14 death yaks (Lair:6)
  2 orc high priests (Orc:2)
  A wizard (D:10)
  2 orc knights
  2 orc sorcerers (Orc:2)
  2 ugly things
  A cyclops (D:11)
  2 manticores (Lair:6)
  5 elephants (Lair:6)
  7 black mambas
  Joseph (D:8)
  A black mamba (shapeshifter) (D:10)
  6 spiny frogs
  A gargoyle (D:12)
  5 komodo dragons
  2 rime drakes (Lair:4)
  A polar bear (Lair:2)
  3 hornets
  3 trolls
  6 dream sheep (Lair:6)
  21 blink frogs
  9 hippogriffs
  A meliai zombie (D:10)
  A raiju (shapeshifter) (D:10)
  Sigmund (D:2)
  A vampire (D:11)
  56 yaks
  3 wraiths
  2 basilisks
  A wyvern (Lair:6)
  A hungry ghost (D:7)
  The ghost of asishallab the Shield-Bearer, an amateur FoFi of Cheibriados (D:3)
  Menkaure (D:7)
  A warg (Orc:1)
  14 porcupines
  13 water moccasins
  42 orc warriors
  2 ice beasts
  3 phantoms
  2 sky beasts (D:12)
  4 black bears
  12 ogres
  9 crocodiles
  10 wolves
  5 centaurs
  A big kobold (D:10)
  21 bullfrogs
  A water moccasin zombie (D:8)
  4 scorpions
  4 killer bees (D:8)
  A wight (D:7)
  3 crimson imps
  A bullfrog zombie (D:11)
  A quasit (D:10)
  5 hounds
  A bullfrog skeleton (D:5)
  24 orc priests
  3 centaur skeletons
  2 jellies
  19 orc wizards
  5 iguanas
  2 hell rats (Lair:5)
  9 worker ants
  A killer bee zombie (D:10)
  4 hound skeletons
  A worker ant zombie (D:5)
  A howler monkey skeleton (D:7)
  9 river rats (Lair:5)
  24 adders
  4 shadow imps
  A white imp (D:4)
  2 oozes
  2 adder zombies
  2 adder skeletons
  2 dart slugs
  3 leopard geckos (D:2)
  109 orcs
  4 ball pythons
  6 giant cockroaches
  4 goblins
  5 hobgoblins
  12 jackals
  11 kobolds
  3 quokkas
  13 bats
  4 frilled lizards
  A jackal zombie (D:6)
  2 leopard gecko skeletons
  A leopard gecko zombie (D:8)
  A quokka zombie (D:10)
  12 rats
654 creatures vanquished.

Vanquished Creatures (collateral kills)
  A dream sheep (Lair:6)
  4 yaks (Lair:6)
  A warg (Orc:2)
  An ogre (Orc:1)
  2 orc priests (Orc:2)
  3 orcs (Orc:2)
12 creatures vanquished.

Vanquished Creatures (others)
  17 fungi
  16 plants
33 creatures vanquished.

Grand Total: 699 creatures vanquished

Notes
Turn   | Place    | Note
-------+----------+-------------------------------------------
     0 | D:1      | nht the Barachi Hunter began the quest for the Orb.
     0 | D:1      | Reached XP level 1. HP: 17/17 MP: 1/1
    96 | D:1      | Reached XP level 2. HP: 19/23 MP: 2/2
   746 | D:1      | Reached XP level 3. HP: 28/28 MP: 3/3
   808 | D:2      | Reached skill level 5 in Crossbows
   953 | D:2      | Reached XP level 4. HP: 31/34 MP: 4/4
  1051 | D:2      | Noticed Sigmund
  1063 | D:2      | Killed Sigmund
  1063 | D:2      | Reached skill level 7 in Crossbows
  1063 | D:2      | Reached XP level 5. HP: 32/39 MP: 5/5
  1063 | D:2      | Reached XP level 6. HP: 38/46 MP: 6/6
  1191 | D:2      | Found an opulent altar of Gozag.
  1891 | D:3      | Found a deep blue altar of Sif Muna.
  1892 | D:3      | Noticed asishallab's ghost (amateur FoFi)
  1969 | D:3      | Reached skill level 1 in Maces & Flails
  2340 | D:3      | Found a shattered altar of Ashenzari.
  2560 | D:3      | Killed asishallab's ghost
  2560 | D:3      | Reached XP level 7. HP: 51/51 MP: 7/7
  2836 | D:4      | Found a stormy altar of Qazlal.
  2854 | D:4      | Noticed a hippogriff
  2863 | D:4      | HP: 2/51 [hippogriff (7)]
  2866 | D:4      | Gained mutation: You are frail. (-10% HP) [potion of mutation]
  2866 | D:4      | Gained mutation: You are resistant to hostile enchantments. (MR+) [potion of mutation]
  2866 | D:4      | Gained mutation: You are partially covered in yellow scales. (AC +2) [potion of mutation]
  2872 | D:4      | Killed a hippogriff
  2872 | D:4      | Reached skill level 5 in Maces & Flails
  3352 | D:4      | Found a staircase to the Ecumenical Temple.
  3391 | D:4      | Reached XP level 8. HP: 27/51 MP: 8/8
  3421 | Temple   | Entered the Ecumenical Temple
  3580 | Temple   | Became a worshipper of Warmaster Okawaru
  3762 | D:4      | Found a shimmering altar of Xom.
  3963 | D:5      | Entered Level 5 of the Dungeon
  4265 | D:5      | Found a blossoming altar of Fedhas.
  4352 | D:5      | Identified Sif Muna's Compendium of Attacks and Ignition
  4413 | D:5      | Found Ceneu's Magic Scroll Emporium.
  4416 | D:5      | Bought a scroll of fog for 30 gold pieces
  4545 | D:5      | Reached * piety under Okawaru
  4753 | D:6      | Reached skill level 1 in Invocations
  4980 | D:6      | Reached XP level 9. HP: 51/55 MP: 10/10
  5579 | D:6      | Reached skill level 10 in Maces & Flails
  5685 | D:6      | Reached ** piety under Okawaru
  5719 | D:7      | Found Gimahazo's Food Emporium.
  5772 | D:7      | Noticed Menkaure
  5775 | D:7      | Killed Menkaure
  6024 | D:7      | Found Opnuic's Distillery.
  6031 | D:7      | Bought a potion of curing for 36 gold pieces
  6031 | D:7      | Bought a potion of heal wounds for 60 gold pieces
  6031 | D:7      | Bought a potion of curing for 36 gold pieces
  6031 | D:7      | Bought a potion of haste for 120 gold pieces
  6031 | D:7      | Bought a potion of lignification for 36 gold pieces
  6077 | D:7      | Found Nicvupn's Weapon Shoppe.
  6101 | D:7      | Reached *** piety under Okawaru
  6142 | D:7      | Found Pigug's Distillery.
  6205 | D:7      | Noticed a hornet
  6289 | D:7      | oops
  6301 | D:7      | Killed a hornet
  6326 | D:7      | Reached XP level 10. HP: 24/61 MP: 13/13
  6745 | D:7      | Reached skill level 5 in Invocations
  6747 | D:7      | Reached skill level 1 in Armour
  7281 | D:7      | Bought a potion of heal wounds for 50 gold pieces
  7281 | D:7      | Bought a potion of curing for 30 gold pieces
  7281 | D:7      | Bought a potion of haste for 100 gold pieces
  7434 | D:8      | Reached skill level 8 in Crossbows
  7736 | D:8      | Reached **** piety under Okawaru
  8004 | D:8      | Found Eduli's Distillery.
  8085 | D:8      | Received a gift from Okawaru
  8099 | D:8      | Noticed a two-headed ogre
  8233 | D:8      | Killed a two-headed ogre
  8233 | D:8      | Reached skill level 5 in Fighting
  8233 | D:8      | Reached skill level 9 in Crossbows
  8244 | D:8      | Received a gift from Okawaru
  8251 | D:8      | Reached XP level 11. HP: 71/71 MP: 15/15
  8269 | D:8      | Found a staircase to the Lair.
  8422 | D:8      | Noticed Joseph
  8435 | D:8      | Killed Joseph
  8648 | D:9      | Found a staircase to the Orcish Mines.
  8711 | D:9      | Reached skill level 5 in Armour
  8945 | D:9      | Noticed a two-headed ogre
  8952 | D:9      | Killed a two-headed ogre
  8952 | D:9      | Reached ***** piety under Okawaru
  9267 | D:10     | Entered Level 10 of the Dungeon
  9307 | D:10     | Noticed a two-headed ogre
  9324 | D:10     | Killed a two-headed ogre
  9324 | D:10     | Received a gift from Okawaru
  9324 | D:10     | Reached skill level 10 in Crossbows
  9381 | D:10     | Noticed a two-headed ogre
  9389 | D:10     | Killed a two-headed ogre
  9732 | D:10     | Noticed a purple ugly thing
  9740 | D:10     | Killed a purple ugly thing
  9740 | D:10     | Reached skill level 1 in Evocations
  9812 | D:10     | Noticed a wizard
  9818 | D:10     | Noticed a two-headed ogre
  9818 | D:10     | Noticed an orc knight
  9819 | D:10     | Noticed a tengu warrior
  9861 | D:10     | Found Cytaod's Gadget Emporium.
 10034 | D:10     | Noticed a shining eye
 10236 | Lair:1   | Entered Level 1 of the Lair of Beasts
 10321 | Lair:1   | Noticed an eight-headed hydra
 10333 | Lair:1   | Killed an eight-headed hydra
 10376 | Lair:1   | Reached XP level 12. HP: 73/81 MP: 15/17
 11064 | Lair:2   | Found a labyrinth entrance.
 11093 | Lair:2   | Received a gift from Okawaru
 11110 | Lab      | Entered a labyrinth
 11327 | Lab      | Noticed a minotaur
 11341 | Lab      | Killed a minotaur
 11345 | Lab      | Identified the Catalogue of Bewitching Good Luck
 12189 | Lair:2   | Received a gift from Okawaru
 12276 | Lair:3   | Reached skill level 11 in Crossbows
 12328 | Lair:3   | Found a staircase to the Snake Pit.
 12423 | Lair:3   | Received a gift from Okawaru
 12610 | Lair:3   | Noticed a five-headed hydra
 12617 | Lair:3   | Killed a five-headed hydra
 12626 | Lair:3   | Got a translucent fustibalus
 12627 | Lair:3   | Identified the cursed +1 fustibalus of Superiority {freeze, MR+ Int+3} (You found it on level 3 of the Lair of Beasts)
 13394 | Lair:4   | Found a staircase to the Shoals.
 13402 | Lair:4   | Reached skill level 5 in Evocations
 13429 | Lair:4   | Received a gift from Okawaru
 13438 | Lair:4   | Identified a scroll of acquirement
 13439 | Lair:4   | Got a transparent ruby amulet
 13537 | Lair:5   | Noticed MirrMurr's ghost (journeyman DDFi)
 13551 | Lair:4   | Gained mutation: You can hop long distances. [Barachi growth]
 13551 | Lair:4   | Reached XP level 13. HP: 68/90 MP: 19/19
 13568 | Lair:4   | Received a gift from Okawaru
 13795 | Lair:4   | Identified the amulet of Pirchao {rF++ rC+++ Regen+ Int-4 Dex-2} (You acquired it on level 4 of the Lair of Beasts)
 14362 | Lair:5   | Reached skill level 12 in Crossbows
 14601 | Lair:5   | Reached ****** piety under Okawaru
 15139 | Lair:5   | Killed MirrMurr's ghost
 15139 | Lair:5   | Received a gift from Okawaru
 15190 | Lair:5   | Received a gift from Okawaru
 15756 | Lair:6   | Entered Level 6 of the Lair of Beasts
 15812 | Lair:6   | Found a staircase to the Slime Pits.
 15887 | Lair:5   | Reached skill level 10 in Fighting
 16120 | Lair:6   | Reached skill level 10 in Armour
 16130 | Lair:6   | Reached skill level 13 in Crossbows
 16192 | Lair:6   | Reached XP level 14. HP: 68/99 MP: 8/20
 16555 | Lair:6   | Received a gift from Okawaru
 16555 | Lair:6   | Reached skill level 14 in Crossbows
 17636 | Lair:6   | Received a gift from Okawaru
 17653 | Lair:6   | Reached skill level 15 in Crossbows
 17674 | Lair:6   | Received a gift from Okawaru
 18398 | D:7      | Bought a potion of curing for 30 gold pieces
 18398 | D:7      | Bought a potion of agility for 40 gold pieces
 18398 | D:7      | Bought 2 potions of curing for 60 gold pieces
 18398 | D:7      | Bought a potion of curing for 30 gold pieces
 18414 | D:7      | Bought a potion of resistance for 120 gold pieces
 18414 | D:7      | Bought a potion of cancellation for 96 gold pieces
 18414 | D:7      | Bought a potion of cancellation for 96 gold pieces
 18491 | Orc:1    | Entered Level 1 of the Orcish Mines
 18734 | Orc:1    | Found Tejapn's Food Boutique.
 18863 | Orc:1    | Found a flagged portal.
 18877 | Bailey   | Entered a bailey
 18878 | Bailey   | excellent
 19248 | Bailey   | Found a roughly hewn altar of Beogh.
 19279 | Bailey   | Got a brightly glowing granite ring
 19281 | Bailey   | Identified the ring "Royrefot" {rF+ MR+ Dex+5} (You acquired it in a bailey)
 19739 | Orc:2    | Entered Level 2 of the Orcish Mines
 19768 | Orc:2    | Found a staircase to the Elven Halls.
 19996 | Orc:2    | Found a burning altar of Makhleb.
 20012 | Orc:2    | Found a roughly hewn altar of Beogh.
 20127 | Orc:2    | Found a roughly hewn altar of Beogh.
 20260 | Orc:2    | Noticed Saint Roka
 20281 | Orc:2    | Reached XP level 15. HP: 30/107 MP: 19/21
 20460 | Orc:2    | Killed Saint Roka
 20460 | Orc:2    | Reached skill level 16 in Crossbows
 20519 | Orc:2    | Found Hudema's Antique Weapon Boutique.
 20521 | Orc:2    | Found a roughly hewn altar of Beogh.
 20530 | Orc:2    | Found Yhiemek's Antique Armour Shop.
 20564 | Orc:2    | Bought an embroidered cloak for 202 gold pieces
 20684 | Orc:2    | Found a roughly hewn altar of Beogh.
 20708 | Orc:2    | Found Titril's Distillery.
 20713 | Orc:2    | Bought a potion of cancellation for 120 gold pieces
 20713 | Orc:2    | Bought a potion of agility for 60 gold pieces
 20713 | Orc:2    | Bought a potion of heal wounds for 75 gold pieces
 20713 | Orc:2    | Bought a potion of lignification for 45 gold pieces
 20713 | Orc:2    | Bought a potion of heal wounds for 75 gold pieces
 20713 | Orc:2    | Bought a potion of cancellation for 120 gold pieces
 20713 | Orc:2    | Bought 2 potions of curing for 90 gold pieces
 20772 | Orc:2    | Found a roughly hewn altar of Beogh.
 20772 | Orc:2    | Found Reromaiwk's General Store.
 20789 | Orc:2    | Bought a scroll of teleportation for 33 gold pieces
 21240 | D:11     | Received a gift from Okawaru
 21764 | D:12     | Demolished by a cyan very ugly thing

Skill      XL: |  1  2  3  4  5  6  7  8  9 10 11 12 13 14 15 |
---------------+----------------------------------------------+-----
Crossbows      | 5 7 9 10 11 13 15 16 | 16.4
Maces & Flails | 3 6 9 12 | 12.0
Invocations    | 1 4 6 7 8 9 |  9.0
Armour         | 4 6 8 10 | 10.0
Fighting       | 5 7 9 10 11 13 | 13.7
Evocations     | 2 5 7 9 |  9.0
Dodging        | |  2.1
Stealth        | |  0.8

Action                   |  1- 3 |  4- 6 |  7- 9 | 10-12 | 13-15 || total
-------------------------+-------+-------+-------+-------+-------++-------
Melee: Whip              |       |    90 |   267 |   431 |   713 ||  1501
       Short sword       |       |     4 |       |       |       ||     4
       Punch             |       |       |     4 |     5 |    14 ||    23
 Fire: Hand crossbow     |    69 |    46 |    90 |   433 |   470 ||  1108
       Arbalest          |       |       |       |       |   426 ||   426
Invok: Heroism           |       |       |     2 |    16 |    16 ||    34
       Finesse           |       |       |       |     2 |    11 ||    13
 Abil: Hop               |       |     1 |     3 |     5 |     6 ||    15
Evoke: Wand              |       |       |     1 |    30 |    49 ||    80
       Phial of floods   |       |       |       |       |     2 ||     2
       Fan of gales      |       |       |       |       |     1 ||     1
       Box of beasts     |       |       |       |       |     1 ||     1
       Phantom mirror    |       |       |       |       |     1 ||     1
  Use: Potion            |       |     3 |    13 |     2 |     1 ||    19
       Scroll            |       |     6 |     8 |    13 |     9 ||    36
 Stab: Sleeping          |       |     3 |       |       |       ||     3
  Eat: Chunk             |     1 |     5 |    15 |    22 |    24 ||    67
       Ration            |       |       |       |     1 |     1 ||     2
Armor: Leather armour    |     2 |     2 |       |       |       ||     4
       Robe              |       |    36 |    61 |     3 |       ||   100
       Skin              |       |       |    46 |     2 |       ||    48
       Plate armour      |       |       |       |   264 |   403 ||   667
       Chain mail        |       |       |       |       |    32 ||    32
Dodge: Dodged            |     4 |    86 |   130 |   223 |   329 ||   772
       Deflected         |       |       |       |       |    12 ||    12
